 Dungeon Crawl Stone Soup version 0.23-a0-372-g5ce4c07210 (webtiles) character file.

4875 Sokar the Magician (level 10, -8/79 HPs)
             Began as a Gnoll Skald on Oct 25, 2018.
             Was an Initiate of Cheibriados.
             Killed from afar by an electric eel (10 damage)
             ... with a bolt of electricity
             ... on level 10 of the Dungeon.
             The game lasted 00:50:27 (6349 turns).

Sokar the Magician (Gnoll Skald)                    Turns: 6349, Time: 00:50:28

Health: -8/79      AC: 10    Str: 15    XL:     10   Next: 50%
Magic:  19/21      EV: 16    Int: 19    God:    Cheibriados [......]
Gold:   519        SH:  5    Dex: 16    Spells: 12/23 levels left

rFire    . . .     SeeInvis .   A - +2 spear (venom)
rCold    . . .     Gourm    .   F - +0 buckler
rNeg     . . .     Faith    .   b - +1 leather armour
rPois    .         Spirit   .   L - +2 helmet
rElec    .         Reflect  .   B - +0 cloak
rCorr    .         Harm     .   J - +0 pair of gloves
MR       +....                  (no boots)
Stlth    +++.......             (no amulet)
HPRegen  0.23/turn              x - ring of protection from magic
MPRegen  0.17/turn              (no ring)

@: drained, very slow
A: distributed training, fangs 1, strong nose
a: Bend Time, Renounce Religion


You were on level 10 of the Dungeon.
You worshipped Cheibriados.
Cheibriados was noncommittal.
You were hungry.

You visited 2 branches of the dungeon, and saw 11 of its levels.
You also visited: Sewer.

You collected 519 gold pieces.

Inventory:

Hand Weapons
 a - a +1 spear
 i - a +0 blowgun
 u - a +0 trident
 A - a +2 spear of venom (weapon)
Missiles
 j - 186 stones
 m - 16 poisoned needles
 s - 5 javelins (quivered)
 z - a throwing net
Armour
 b - a +1 leather armour (worn)
 B - a +0 cloak (worn)
 F - a +0 buckler (worn)
 J - a +0 pair of gloves (worn)
 L - a +2 helmet (worn)
Jewellery
 v - an uncursed ring of ice
 x - a ring of protection from magic (left hand)
 G - an uncursed ring of magical power
Wands
 q - a wand of iceblast (9)
 H - a wand of acid (6)
Scrolls
 c - 4 scrolls of enchant weapon
 r - 4 scrolls of immolation
 t - 4 scrolls of enchant armour
 y - 6 scrolls of remove curse
 C - a scroll of teleportation
 D - 6 scrolls of identify
 E - 3 scrolls of amnesia
 K - a scroll of magic mapping
Potions
 e - 2 potions of magic {unknown}
 f - 6 potions of curing
 g - 2 potions of lignification {unknown}
 h - a potion of haste {unknown}
 k - 2 potions of heal wounds
 l - 3 potions of brilliance {unknown}
 n - 4 potions of flight
 o - 2 potions of agility {unknown}
 p - a potion of might {unknown}
 w - a potion of degeneration {unknown}
 I - a potion of cancellation {unknown}
 M - a potion of ambrosia {unknown}
Comestibles
 d - 12 rations


   Skills:
 + Level 7.0(6.7) Fighting
 + Level 5.2(4.9) Short Blades
 + Level 5.2(4.9) Long Blades
 + Level 5.2(4.9) Axes
 + Level 5.2(4.9) Maces & Flails
 + Level 7.0(6.7) Polearms
 + Level 5.2(4.9) Staves
 + Level 5.2(4.9) Slings
 + Level 5.2(4.9) Bows
 + Level 5.2(4.9) Crossbows
 + Level 5.2(4.9) Throwing
 + Level 5.9(5.6) Armour
 + Level 7.0(6.7) Dodging
 + Level 5.2(4.9) Stealth
 + Level 5.2(4.9) Shields
 + Level 5.2(4.9) Unarmed Combat
 + Level 7.3(7.0) Spellcasting
 + Level 4.3(4.0) Conjurations
 + Level 4.3(4.0) Hexes
 + Level 7.0(6.7) Charms
 + Level 4.3(4.0) Summonings
 + Level 4.3(4.0) Necromancy
 + Level 4.3(4.0) Translocations
 + Level 4.3(4.0) Transmutations
 + Level 4.3(4.0) Fire Magic
 + Level 4.3(4.0) Ice Magic
 + Level 4.3(4.0) Air Magic
 + Level 4.3(4.0) Earth Magic
 + Level 4.3(4.0) Poison Magic
 + Level 5.7(5.4) Invocations
 + Level 5.2(4.9) Evocations


You had 12 spell levels left.
You knew the following spells:

 Your Spells              Type           Power        Failure   Level  Hunger
a - Infusion              Chrm           ####         1%          1    None
b - Shroud of Golubria    Chrm/Tloc      ####......   1%          2    None
c - Song of Slaying       Chrm           ####....     1%          2    None
d - Regeneration          Chrm/Necr      ####......   4%          3    #......
e - Spectral Weapon       Hex/Chrm       ####....     4%          3    #......

Your spell library contained the following spells:

 Spells                   Type           Power        Failure   Level  Hunger


Dungeon Overview and Level Annotations

Branches:
Dungeon (10/15)            Temple (1/1) D:6            Lair (0/6) D:10
    Orc (0/2) D:9

Altars:
Ashenzari
Cheibriados
Dithmenos
Elyvilon
Fedhas
Gozag
Hepliaklqana
Kikubaaqudgha
Makhleb
Nemelex Xobeh
Okawaru
Qazlal
Ru
Sif Muna
Trog
Uskayaw
Vehumet
Wu Jian
Xom
Yredelemnul
Zin
The Shining One

Shops:
D:8 (   D:9 (


Innate Abilities, Weirdness & Mutations

Your experience applies equally to all skills.
You have very sharp teeth.
Your uncanny sense of smell can sniff out nearby items.


Message History

The hound pauses to sniff the water.
You block the wolf's attack.
Found a potion of flight.
You see here a potion of heal wounds.
k - 2 potions of heal wounds (gained 1)
You block the wolf's attack.
The electric eel shoots out a bolt of lightning at you!
The bolt of electricity hits the orc.
The orc dies!
The bolt of electricity hits you!
* * * LOW HITPOINT WARNING * * *
You hear a bark!
The wolf stops to sniff the ground.
The electric eel shoots out a bolt of lightning at you!
The bolt of electricity hits the electric eel.
The electric eel completely resists.
The bolt of electricity misses you. The wolf barely misses you.
The electric eel shoots out a bolt of lightning at you!
The bolt of electricity hits you!
You die...

.# ∆ . #.##.# !
##......#
.##........ #
..........
#.#..#.#.≈..
#####.#...........≈≈
.......@....h.≈≈≈≈.≈
#######h...Y...≈≈≈≈≈
#.h##$)..≈≈≈≈≈ #..#
#.;;≈≈.≈. #..#
#.)≈≈h...
#####.!###..≈≈h≈h>
..........{≈.≈≈≈...
##########..h≈≈hoo.
#....T≈≈o≈.


You could see a sky beast, 2 wolves, a hound and 2 electric eels.

Vanquished Creatures
  Pikel (D:5)
  A cyclops (D:8)
  Prince Ribbit (D:7)
  2 hippogriffs
  Duvessa (D:5)
  A black bear (D:8)
  3 ice beasts
  A sky beast (D:8)
  3 orc warriors (D:9)
  6 ogres
  3 centaurs
  A crocodile (D:8)
  2 big kobolds
  3 bullfrogs
  A gnoll sergeant (D:6)
  Blork the orc (D:5)
  Dowan (D:5)
  A bullfrog zombie (D:9)
  4 crimson imps
  A quasit (D:7)
  A jelly (D:8)
  3 hounds
  3 orc wizards
  3 orc priests
  4 iguanas
  10 worker ants
  2 hound skeletons
  Robin (D:3)
  8 adders
  4 gnolls (D:6)
  6 river rats (Sewer)
  A shadow imp (D:6)
  An adder zombie (D:9)
  5 worms
  A dart slug (D:3)
  4 leopard geckos
  26 orcs
  7 ball pythons
  7 giant cockroaches
  12 goblins (D:3)
  10 hobgoblins
  16 jackals
  24 kobolds
  2 quokkas
  A ball python skeleton (D:5)
  5 bats
  5 frilled lizards
  A leopard gecko zombie (D:7)
  A quokka skeleton (D:4)
  27 rats
239 creatures vanquished.

Vanquished Creatures (others)
  A hippogriff (D:5)
  A slave (D:5)
  2 orcs (D:10)
  2 spectral weapons
6 creatures vanquished.

Grand Total: 245 creatures vanquished

Notes
Turn   | Place    | Note
-------+----------+-------------------------------------------
     0 | D:1      | Sokar the Gnoll Skald began the quest for the Orb.
     0 | D:1      | Reached XP level 1. HP: 20/20 MP: 6/6
   154 | D:1      | Reached XP level 2. HP: 26/26 MP: 7/7
   249 | D:1      | Learned a level 2 spell: Shroud of Golubria
   252 | D:1      | Learned a level 2 spell: Song of Slaying
   436 | D:2      | Reached XP level 3. HP: 27/31 MP: 2/9
   441 | D:2      | Learned a level 3 spell: Regeneration
   445 | D:2      | Learned a level 3 spell: Spectral Weapon
   485 | D:2      | Reached skill level 5 in Spellcasting
   514 | D:3      | Found a glowing drain.
   568 | Sewer    | Entered a sewer
   607 | Sewer    | Reached skill level 1 in Invocations
   626 | Sewer    | Noticed a big kobold
   648 | Sewer    | Killed a big kobold
   648 | Sewer    | Reached skill level 1 in Short Blades
   648 | Sewer    | Reached skill level 1 in Long Blades
   648 | Sewer    | Reached skill level 1 in Axes
   648 | Sewer    | Reached skill level 1 in Maces & Flails
   648 | Sewer    | Reached skill level 1 in Staves
   648 | Sewer    | Reached skill level 1 in Slings
   648 | Sewer    | Reached skill level 1 in Bows
   648 | Sewer    | Reached skill level 1 in Crossbows
   648 | Sewer    | Reached skill level 1 in Throwing
   648 | Sewer    | Reached skill level 1 in Stealth
   648 | Sewer    | Reached skill level 1 in Shields
   648 | Sewer    | Reached skill level 1 in Unarmed Combat
   648 | Sewer    | Reached skill level 1 in Conjurations
   648 | Sewer    | Reached skill level 1 in Hexes
   648 | Sewer    | Reached skill level 1 in Summonings
   648 | Sewer    | Reached skill level 1 in Necromancy
   648 | Sewer    | Reached skill level 1 in Translocations
   648 | Sewer    | Reached skill level 1 in Transmutations
   648 | Sewer    | Reached skill level 1 in Fire Magic
   648 | Sewer    | Reached skill level 1 in Ice Magic
   648 | Sewer    | Reached skill level 1 in Air Magic
   648 | Sewer    | Reached skill level 1 in Earth Magic
   648 | Sewer    | Reached skill level 1 in Poison Magic
   648 | Sewer    | Reached skill level 1 in Evocations
   648 | Sewer    | Reached XP level 4. HP: 11/38 MP: 3/11
   715 | Sewer    | Reached XP level 5. HP: 21/43 MP: 2/12
  1155 | D:3      | Reached XP level 6. HP: 40/50 MP: 13/13
  1371 | D:4      | Reached skill level 5 in Fighting
  1371 | D:4      | Reached skill level 5 in Polearms
  1371 | D:4      | Reached skill level 5 in Dodging
  1535 | D:4      | Reached XP level 7. HP: 53/56 MP: 9/15
  1812 | D:5      | Entered Level 5 of the Dungeon
  1926 | D:5      | Found a hazy altar of Hepliaklqana.
  2007 | D:5      | Noticed Duvessa
  2008 | D:5      | Noticed Dowan
  2021 | D:5      | Killed Duvessa
  2021 | D:5      | Reached XP level 8. HP: 39/63 MP: 12/16
  2030 | D:5      | Killed Dowan
  2052 | D:5      | Noticed a hippogriff
  2147 | D:5      | Noticed Pikel
  2157 | D:5      | Killed Pikel
  2164 | D:5      | Killed a hippogriff
  2214 | D:6      | Found a shadowy altar of Dithmenos.
  2354 | D:6      | Reached XP level 9. HP: 46/69 MP: 8/18
  2403 | D:6      | Found a staircase to the Ecumenical Temple.
  2409 | Temple   | Entered the Ecumenical Temple
  2774 | D:6      | Found an opulent altar of Gozag.
  3028 | D:7      | Found a radiant altar of Vehumet.
  3132 | D:7      | Noticed Prince Ribbit
  3145 | D:7      | Killed Prince Ribbit
  3145 | D:7      | Reached skill level 5 in Armour
  3478 | D:8      | Reached skill level 5 in Invocations
  3483 | D:8      | Found a shimmering altar of Xom.
  3516 | D:8      | Found Voutyrac's Antique Weapon Shop.
  3549 | D:8      | Found a white marble altar of Elyvilon.
  3554 | D:8      | Found a stormy altar of Qazlal.
  3658 | D:9      | Found a shattered altar of Ashenzari.
  3675 | D:9      | Reached XP level 10. HP: 60/77 MP: 20/20
  3813 | D:9      | Found a sparkling altar of Nemelex Xobeh.
  3859 | D:9      | Found an iron altar of Okawaru.
  3933 | D:9      | Found Yjy Wyts's Weapon Boutique.
  3939 | D:9      | Found a staircase to the Orcish Mines.
  4193 | D:7      | Reached skill level 5 in Short Blades
  4193 | D:7      | Reached skill level 5 in Long Blades
  4193 | D:7      | Reached skill level 5 in Axes
  4193 | D:7      | Reached skill level 5 in Maces & Flails
  4193 | D:7      | Reached skill level 5 in Staves
  4193 | D:7      | Reached skill level 5 in Slings
  4193 | D:7      | Reached skill level 5 in Bows
  4193 | D:7      | Reached skill level 5 in Crossbows
  4193 | D:7      | Reached skill level 5 in Throwing
  4193 | D:7      | Reached skill level 5 in Stealth
  4193 | D:7      | Reached skill level 5 in Shields
  4193 | D:7      | Reached skill level 5 in Unarmed Combat
  4193 | D:7      | Reached skill level 5 in Evocations
  4432 | D:5      | Noticed Blork the orc
  4441 | D:5      | Killed Blork the orc
  4986 | D:8      | Noticed a cyclops
  4998 | D:8      | Killed a cyclops
  5434 | D:3      | Noticed Robin
  5470 | D:3      | Killed Robin
  5509 | D:3      | Found a faded altar of an unknown god.
  5934 | D:2      | Found a deep blue altar of Sif Muna.
  5934 | D:2      | Found a shattered altar of Ashenzari.
  5935 | D:2      | Found a hide-covered altar of Uskayaw.
  6113 | D:2      | Found a snail-covered altar of Cheibriados.
  6128 | D:2      | Became a worshipper of Cheibriados the Contemplative
  6316 | D:10     | Entered Level 10 of the Dungeon
  6339 | D:10     | Found a staircase to the Lair.
  6348 | D:10     | HP: 2/79 [electric eel/bolt of electricity (8)]
  6349 | D:10     | Killed from afar by an electric eel

Vault maps used:
D:1:      dpeg_arrival_central, kennysheep_boxes
D:2:      overflow_temple_1_default, gammafunk_temple_overflow_claw,
          minmay_pentomino_z2
D:3:      chequers_ecumenical_altar_grove, portal_sewer_entry_f, uniq_robin
D:4:      first_ration, hangedman_feature_mirror, minmay_misc_feat_four_crosses
D:5:      marbit_many_paths, uniq_pikel, uniq_blork_the_orc, uniq_duvessa
D:6:      grunt_gozag_breadcrumbs, lemuel_crystal_altar,
          minmay_temple_entry_enclosed_plants
D:7:      vehumet_crystals, uniq_prince_ribbit1
D:8:      kennysheep_mini_moat, nicolae_overflow_crystal_walls,
          grunt_qazlal_clouds, serial_shops, shop_statue, the_bakery
D:9:      lemuel_coloured_pillars_altar, nemelex_xobeh_ov_fountains_minmay,
          orc_david_3, cheibrodos_ashenzari_chains
D:10:     erik_lair_island, lemuel_centaur_altar
Temple:   compressed_dpeg_triangle_lava_temple
Sewer:    sewer_minmay_treatment

Skill      XL: |  1  2  3  4  5  6  7  8  9 10 |
---------------+-------------------------------+-----
Spellcasting   | 5 6 7 |  7.3
Invocations    | 1 2 3 4 5 |  5.7
Short Blades   | 1 2 3 4 5 |  5.2
Long Blades    | 1 2 3 4 5 |  5.2
Axes           | 1 2 3 4 5 |  5.2
Maces & Flails | 1 2 3 4 5 |  5.2
Staves         | 1 2 3 4 5 |  5.2
Slings         | 1 2 3 4 5 |  5.2
Bows           | 1 2 3 4 5 |  5.2
Crossbows      | 1 2 3 4 5 |  5.2
Throwing       | 1 2 3 4 5 |  5.2
Stealth        | 1 2 3 4 5 |  5.2
Shields        | 1 2 3 4 5 |  5.2
Unarmed Combat | 1 2 3 4 5 |  5.2
Conjurations   | 1 2 3 4 |  4.3
Hexes          | 1 2 3 4 |  4.3
Summonings     | 1 2 3 4 |  4.3
Necromancy     | 1 2 3 4 |  4.3
Translocations | 1 2 3 4 |  4.3
Transmutations | 1 2 3 4 |  4.3
Fire Magic     | 1 2 3 4 |  4.3
Ice Magic      | 1 2 3 4 |  4.3
Air Magic      | 1 2 3 4 |  4.3
Earth Magic    | 1 2 3 4 |  4.3
Poison Magic   | 1 2 3 4 |  4.3
Evocations     | 1 2 3 4 5 |  5.2
Armour         | 3 4 5 |  5.9
Fighting       | 5 6 7 |  7.0
Polearms       | 5 6 7 |  7.0
Dodging        | 5 6 7 |  7.0
Charms         | 6 7 |  7.0

Action                   |  1- 3 |  4- 6 |  7- 9 | 10-12 || total
-------------------------+-------+-------+-------+-------++-------
Melee: Spear             |   157 |   228 |   187 |   207 ||   779
       Bite              |     9 |    18 |    37 |    18 ||    82
       Trident           |       |       |   126 |       ||   126
       Punch             |       |       |     5 |     4 ||     9
Throw: Javelin           |       |     2 |       |       ||     2
 Cast: Shroud of Golubri |     5 |     8 |    13 |     3 ||    29
       Infusion          |     1 |       |     1 |       ||     2
       Regeneration      |     2 |     7 |    14 |     3 ||    26
       Song of Slaying   |     2 |     2 |     1 |       ||     5
       Spectral Weapon   |       |     9 |    16 |     6 ||    31
  Use: Potion            |       |     1 |     3 |     4 ||     8
       Scroll            |       |     5 |     9 |     4 ||    18
 Stab: Sleeping          |     1 |       |     6 |     6 ||    13
       Distracted        |       |     2 |       |     2 ||     4
  Eat: Chunk             |       |     4 |     7 |     8 ||    19
       Ration            |       |       |     1 |       ||     1
Armor: Leather armour    |    19 |    23 |    45 |    57 ||   144
Dodge: Dodged            |   111 |   134 |   187 |   146 ||   578
Block: Buckler           |       |       |       |    16 ||    16

Table legend:
 A = Non-vault XP
 B = Vault XP
 C = Vault XP percentage of total XP
 D = Non-vault monster count
 E = Vault monster count
 F = Vault count percentage of total count
                 A         B        C        D         E       F
            +---------+---------+-------+---------+---------+-------
      Total |    5057 |    1908 |  27.4 |     164 |      76 |  31.7
            +---------+---------+-------+---------+---------+-------
        D:1 |      22 |       0 |   0.0 |      16 |       0 |   0.0
        D:2 |      22 |       1 |   4.3 |      10 |       1 |   9.1
        D:3 |      65 |      44 |  40.4 |      22 |      16 |  42.1
        D:4 |     477 |       0 |   0.0 |      31 |       0 |   0.0
        D:5 |     504 |     941 |  65.1 |      20 |       4 |  16.7
        D:6 |    1117 |       0 |   0.0 |      23 |       0 |   0.0
        D:7 |     404 |     268 |  39.9 |      10 |       1 |   9.1
        D:8 |    1670 |       0 |   0.0 |      15 |       0 |   0.0
        D:9 |     502 |     408 |  44.8 |      16 |       6 |  27.3
       D:10 |     274 |       0 |   0.0 |       1 |       0 |   0.0
      Sewer |       0 |     246 | 100.0 |       0 |      48 | 100.0
            +---------+---------+-------+---------+---------+-------
